 Dungeon Crawl Stone Soup version 0.30-a0-422-g946f4849ff (webtiles) character file.

Game seed: 1070429198921121421

9 pokeman the Magician (level 2, -1/16 HPs)
             Began as a Deep Elf Hedge Wizard on Dec 8, 2022.
             Slain by a jackal (2 damage)
             ... on level 1 of the Dungeon.
             The game lasted 00:00:40 (376 turns).

pokeman the Magician (Deep Elf Hedge Wizard)         Turns: 376, Time: 00:00:41

Health: -1/16      AC:  2    Str:  7    XL:     2   Next: 3%
Magic:  9/9        EV: 12    Int: 18    God:
Gold:   5          SH:  0    Dex: 14    Spells: 9/10 levels left

rFire   . . .      SeeInvis .    a - +0 dagger
rCold   . . .      Faith    .    (no shield)
rNeg    . . .      Spirit   .    b - +0 robe
rPois   .          Reflect  .    c - +0 hat
rElec   .          Harm     .    (no cloak)
rCorr   .          Rampage  .    (no gloves)
Will    +....                    (no boots)
Stlth   ++........               (no amulet)
HPRegen 0.22/turn                e - ring of willpower
MPRegen 0.11/turn                (no ring)

@: no status effects
A: no striking features
a: no special abilities


You were on level 1 of the Dungeon.
You visited 1 branch of the dungeon, and saw 1 of its levels.

You collected 5 gold pieces.

Inventory:

Hand Weapons
 a - a +0 dagger (weapon)
Armour
 b - a +0 robe (worn)
 c - a +0 hat (worn)
Jewellery
 e - a ring of willpower (left hand)
Potions
 d - a potion of magic
 f - a potion of might {unknown}


   Skills:
 + Level 0.3 Fighting
 + Level 0.3 Armour
 - Level 2.4 Dodging
 - Level 2.4 Stealth
 * Level 4.7 Spellcasting
 + Level 1.3 Conjurations
 - Level 1.1 Summonings
 - Level 1.1 Translocations


You had 9 spell levels left.
You knew the following spells:

 Your Spells              Type           Power      Damage    Failure   Level
a - Magic Dart            Conj           36%        1d4       8%          1

Your spell library contained the following spells:

 Spells                   Type           Power      Damage    Failure   Level
 Blink                    Tloc           16%        N/A       13%         2
 Call Imp                 Summ           8%         N/A       13%         2
 Slow                     Hex            16%        N/A       14%         1
 Cigotuvi's Dreadful Rot  Necr/Pois/Air  8%         N/A       21%         2
 Mephitic Cloud           Conj/Pois/Air  5%         N/A       34%         3


Dungeon Overview and Level Annotations

Branches:
Dungeon (1/15)

Altars:


Message History

2 jackals come into view.
The jackal barks!
You hear a shout!
A jackal comes into view.
Found 14 gold pieces.
A kobold comes into view. It is wielding a +4 dagger.
A frilled lizard comes into view.
The jackal attacks as you move away! The jackal closely misses you.
The frilled lizard completely misses you.
The jackal barks!
The frilled lizard bites you. The jackal completely misses you.
The frilled lizard bites you but does no damage.
The frilled lizard attacks as you move away!
The frilled lizard barely misses you.
A dart slug comes into view.
The jackal bites you. x2; The frilled lizard misses you.
The frilled lizard attacks as you move away!
The frilled lizard bites you but does no damage.
The jackal bites you.
The jackal bites you but does no damage.
The jackal misses you. The dart slug launches a dart at you.
The slug dart hits you.
* * * LOW HITPOINT WARNING * * *
The jackal attacks as you move away! The jackal barely misses you.
Unknown command.
You hit the dart slug.
The dart slug is lightly wounded.
The jackal barely misses you. The dart slug closely misses you.
You hit the dart slug but do no damage.
The dart slug is lightly wounded.
The jackal bites you but does no damage.
The jackal bites you.
* * * LOW HITPOINT WARNING * * *
The dart slug launches a dart at you. The slug dart hits you.
* * * LOW HITPOINT WARNING * * *
You barely miss the dart slug.
The dart slug is lightly wounded.
The jackal bites you.
You die...

#.#...#.#
#.##.##.# #.##h#
.# #.##.. .#
#g####K.#.
...####$.K......
......Kl.###.##.
##.####r####.##.#
#hh@w.....#
######.####


You could see a dart slug, 2 jackals, a kobold and a rat.

Vanquished Creatures
  A ball python (D:1)
  2 bats (D:1)
  An endoplasm (D:1)
  A giant cockroach (D:1)
  2 frilled lizards (D:1)
  A kobold (D:1)
8 creatures vanquished.

Notes
Turn   | Place    | Note
-------+----------+-------------------------------------------
     0 | D:1      | pokeman the Deep Elf Hedge Wizard began the quest for the
                  | Orb.
     0 | D:1      | Reached XP level 1. HP: 10/10 MP: 7/7
   269 | D:1      | Reached XP level 2. HP: 15/15 MP: 6/9
   376 | D:1      | Slain by a jackal

Illustrated notes

Levels and vault maps discovered:
D:1:      eino_arrival_cavern_c, layout_loops_ring

Action                   || total
-------------------------++-------
Melee: Dagger            ||     3
 Cast: Magic Dart        ||    22
Armor: Robe              ||     8
Dodge: Dodged            ||    10

Table legend: (Time is in decaauts)
 A = Elapsed time spent in this place.
 B = Non-inter-level travel time spent in this place.
 C = Inter-level travel time spent in this place.
 D = Time resting spent in this place.
 E = Time spent auto-exploring this place.
 F = Levels seen in this place.
 G = Mean time per level.
                   A        B        C        D        E       F      G
               +--------+--------+--------+--------+--------+-----+--------+
         Total |    375 |    375 |      0 |      0 |    319 |   1 |  375.0 |
       Dungeon |    375 |    375 |      0 |      0 |    319 |   1 |  375.0 |
               +--------+--------+--------+--------+--------+-----+--------+

Top non-repeatable levels by time:
     D:1: 375 daAuts
